 Dungeon Crawl Stone Soup version 0.32-a0-422-g28b100f618 (webtiles) character file.

Game seed: 7619009148595027133

246 Persephone the Trooper (level 5, -2/51 HPs)
             Began as a Minotaur Brigand on Feb 21, 2024.
             Was an Initiate of Beogh.
             Incinerated by a bombardier beetle (9 damage)
             ... with a burning spray
             ... on level 4 of the Dungeon.
             The game lasted 00:03:06 (2197 turns).

Persephone the Trooper (Minotaur Brigand)           Turns: 2197, Time: 00:03:07

Health: -2/51      AC:  7    Str: 17    XL:     5   Next: 84%
Magic:  4/4        EV:  9    Int:  8    God:    Beogh [......]
Gold:   167        SH:  0    Dex: 12    Spells: 4/4 levels left

rFire   . . .        o - +1 great sword (heavy)
rCold   . . .        (shield currently unavailable)
rNeg    . . .        a - +0 scale mail
rPois   .            (helmet restricted)
rElec   .            c - +0 cloak
rCorr   .            (no gloves)
SInv    .            (no boots)
Will    .....        (no amulet)
Stlth   +            (no ring)
HPRegen 0.28/turn    (no ring)
MPRegen 0.09/turn

%: no passive effects
@: on fire, glowing
A: horns 2, retaliatory headbutt
a: Renounce Religion


You were on level 4 of the Dungeon.
You worshipped Beogh.
Beogh was noncommittal.
You visited 1 branch of the dungeon, and saw 4 of its levels.

You collected 167 gold pieces.

Inventory:

Hand Weapons
 o - a +1 heavy great sword (weapon)
Missiles
 d - 9 poisoned darts (quivered)
 e - 3 curare-tipped darts
Armour
 a - a +0 scale mail (worn)
 b - a +0 robe
 c - a +0 cloak (worn)
Scrolls
 f - a scroll of identify
 j - a scroll of amnesia
 k - a scroll of poison
 l - 4 scrolls of teleportation
 q - a scroll of butterflies
Potions
 g - 2 potions of curing
 h - a potion of brilliance {unknown}
 i - 2 potions of attraction
 m - a potion of resistance {unknown}
 n - a potion of lignification {unknown}
 p - a potion of mutation {unknown}
 r - a potion of cancellation {unknown}


   Skills:
 + Level 6.4 Fighting
 - Level 2.1(3.0) Short Blades
 * Level 3.5(3.9) Long Blades
 - Level 2.0 Throwing
 - Level 1.1 Dodging
 - Level 3.2 Stealth


You had 4 spell levels left.
You didn't know any spells.
Your spell library contained the following spells:

 Spells                   Type           Power      Damage    Failure   Level
 Magic Dart               Conj           0%         1d3       85%         1
 Lesser Beckoning         Tloc           0%         N/A       94%         2
 Searing Ray              Conj           0%         2d4       94%         2
 Gell's Gravitas          Tloc           0%         N/A       99%         3
 Teleport Other           Tloc           0%         N/A       99%         3
 Fulminant Prism          Conj/Alch      0%         3d5       100%        4


Dungeon Overview and Level Annotations

Branches:
Dungeon (4/15)
 Temple: D:4-7

Altars:


Innate Abilities, Weirdness & Mutations

You have a pair of horns on your head.
You reflexively headbutt those who attack you in melee.


Message History

Beogh accepts your kill. The orc hits you with a +0 club.
Items here: $ )) †.
The orc attacks as it pursues you! The orc barely misses you.
The bombardier beetle sprays incendiary fluid at you.
The burning spray hits you.
You are covered in liquid fire!
The orc attacks as it pursues you! The orc misses you.
You hit the bombardier beetle.
Your headbutt misses the bombardier beetle.
The bombardier beetle is moderately wounded.
The liquid fire burns you! The orc hits you but does no damage.
The orc closely misses you. The bombardier beetle bites you.
The orc hits you with a +0 club. The orc barely misses you.
You closely miss the bombardier beetle.
The bombardier beetle is moderately wounded.
The liquid fire burns you! The orc hits you but does no damage.
The orc hits you with a +0 short sword.
The bombardier beetle bites you but does no damage.
The orc hits you but does no damage. The orc hits you with a +0 club.
* * * LOW HITPOINT WARNING * * *
You slash the bombardier beetle!
The bombardier beetle is almost dead.
The liquid fire burns you!
* * * LOW HITPOINT WARNING * * *
The orc hits you with a +0 club.
* * * LOW HITPOINT WARNING * * *
The orc hits you but does no damage.
The bombardier beetle closely misses you.
The orc hits you but does no damage. The orc completely misses you.
You furiously retaliate!
You headbutt the orc, but do no damage.
The bombardier beetle sprays incendiary fluid at you.
The burning spray hits you.
You are even more covered in liquid fire!
You barely miss the bombardier beetle.
Your headbutt misses the bombardier beetle.
The bombardier beetle is almost dead.
The liquid fire burns you!
You die...

#...##.>...........#....
#...##...####..##..#
.....###'#####..##..##
..................#...#
...................#...#
...................#...#
#...##...########..##
#####+####'##...# ####
.......$o@B.......
........o.........
..................
.......<..........
.....[............
..................
.###..####.##...## #..
.# ...#


You could see a bombardier beetle and 2 orcs.

Vanquished Creatures
  A scorpion (D:4)
  A bombardier beetle (D:3)
  4 adders
  3 dart slugs
  2 ribbon worms
  4 orcs (D:4)
  6 ball pythons
  7 endoplasms
  3 giant cockroaches
  6 goblins
  2 hobgoblins (D:1)
  3 quokkas (D:1)
  4 bats
  6 frilled lizards
  6 kobolds
  A rat (D:1)
59 creatures vanquished.

Notes
Turn   | Place    | Note
-------+----------+-------------------------------------------
     0 | D:1      | Persephone the Minotaur Brigand began the quest for the
                  | Orb.
     0 | D:1      | Reached XP level 1. HP: 18/18 MP: 0/0
    25 | D:1      | Reached skill level 3 in Fighting
   174 | D:1      | Reached XP level 2. HP: 26/26 MP: 1/1
   490 | D:1      | Reached skill level 4 in Fighting
   522 | D:1      | Reached XP level 3. HP: 30/34 MP: 2/2
   601 | D:1      | Found a faded altar of an unknown god.
   871 | D:2      | Reached skill level 5 in Fighting
   957 | D:2      | Reached XP level 4. HP: 29/42 MP: 3/3
  1584 | D:3      | Reached skill level 1 in Long Blades
  1585 | D:3      | Reached skill level 6 in Fighting
  1585 | D:3      | Reached XP level 5. HP: 50/50 MP: 4/4
  2105 | D:4      | Became a worshipper of Beogh the Shepherd
  2197 | D:4      | Incinerated by a bombardier beetle

Illustrated notes

Levels and vault maps discovered:
D:1:      wander_arrival_peaceful_grave, layout_basic, basic_ecumenical_altar,
          chequers_serial_rivers_micro_e
D:2:      layout_loops_cross
D:3:      layout_rooms, nicolae_figureground_pulse
D:4:      layout_gridville, mainiacjoe_sewer_entry_somewhere_in_here_2,
          minmay_misc_feat_enclosed

Skill      XL: |  1  2  3  4  5 |
---------------+----------------+-----
Fighting       | 3 4 5 6 |  6.4
Long Blades    | 1 3 |  3.5
Short Blades   | |  2.1
Throwing       | |  2.0
Dodging        | |  1.1
Stealth        | |  3.2

Action                     |  1- 3 |  4- 6 || total
---------------------------+-------+-------++-------
  Melee: Dagger            |    65 |    11 ||    76
         Headbutt          |     8 |     7 ||    15
         Great sword       |       |    43 ||    43
 Invoke: Convert to Beogh  |       |     1 ||     1
    Use: Scroll            |       |     6 ||     6
   Stab: Sleeping          |     4 |     1 ||     5
 Armour: Robe              |    43 |     5 ||    48
         Scale mail        |       |    47 ||    47
  Dodge: Dodged            |    36 |    45 ||    81

Table legend: (Time is in decaauts)
 A = Elapsed time spent in this place.
 B = Non-inter-level travel time spent in this place.
 C = Inter-level travel time spent in this place.
 D = Time resting spent in this place.
 E = Time spent auto-exploring this place.
 F = Levels seen in this place.
 G = Mean time per level.
                   A        B        C        D        E       F      G
               +--------+--------+--------+--------+--------+-----+--------+
         Total |   2233 |   2058 |    175 |      0 |   1686 |   4 |  558.2 |
       Dungeon |   2233 |   2058 |    175 |      0 |   1686 |   4 |  558.2 |
               +--------+--------+--------+--------+--------+-----+--------+

Top non-repeatable levels by time:
     D:2: 834 daAuts
     D:1: 680 daAuts
     D:3: 538 daAuts
     D:4: 179 daAuts
